 Dungeon Crawl Stone Soup version 0.28-a0-95-g65e1ffefe4 (webtiles) character file.

Game seed: 9118832444798772557

8535 Gargoyl the Fighter (level 11, 0/85 (89) HPs)
             Began as a Gnoll Abyssal Knight on Aug 8, 2021.
             Was an Elder of Lugonu.
             Succumbed to a kobold brigand's curare-tipped dart
             ... on level 9 of the Dungeon.
             The game lasted 00:18:20 (13850 turns).

Gargoyl the Fighter (Gnoll Abyssal Knight)         Turns: 13850, Time: 00:18:21

HP:   0/85 (89)     AC: 18    Str: 13 (14) XL:     11   Next: 32%
MP:   20/20         EV:  8    Int: 11 (12) God:    Lugonu [****..]
Gold: 1325          SH:  0    Dex: 11 (12) Spells: 22/22 levels left

rFire   . . .      SeeInvis .   y - +3 long sword (freeze)
rCold   . . .      Faith    .   (no shield)
rNeg    . . .      Spirit   .   f - +0 chain mail
rPois   .          Reflect  .   (no helmet)
rElec   .          Harm     .   (no cloak)
rCorr   .          Rampage  .   (no gloves)
Will    ++...                   c - +2 pair of boots
Stlth   ..........              (no amulet)
HPRegen 0.24/turn               e - +4 ring of protection
MPRegen 0.17/turn               (no ring)

@: lethally poisoned (0 -> -14), slowed, lightly drained, very slow
A: fangs 1, strong nose, distributed training, hooves 1, deterioration 1,
strong-willed 2
a: Renounce Religion, Depart the Abyss, Bend Space, Banish, Corrupt


You were on level 9 of the Dungeon.
You worshipped Lugonu.
Lugonu was greatly pleased with you.
You visited 1 branch of the dungeon, and saw 9 of its levels.
You visited the Abyss 1 time.
You also visited: Sewer.

You collected 1325 gold pieces.

Inventory:

Hand Weapons
 a - a +1 hand axe
 g - a +0 war axe
 i - a +2 trident of venom
 k - a +2 hand axe of venom
 w - a +2 hand axe of freezing
 y - a +3 long sword of freezing (weapon)
Missiles
 j - 18 poisoned darts (quivered)
Armour
 c - a +2 pair of boots (worn)
 f - a +0 chain mail (worn)
Jewellery
 e - a +4 ring of protection (left hand)
 n - a +6 ring of dexterity
 u - a ring of poison resistance
 v - an amulet of magic regeneration
Wands
 l - a wand of polymorph (6)
 m - a wand of flame (22)
 p - a wand of acid (5)
Scrolls
 o - a scroll of fear
 q - a scroll of amnesia
 r - 2 scrolls of blinking
 x - 3 scrolls of teleportation
Potions
 b - 5 potions of flight
 d - 4 potions of curing
 h - a potion of resistance
 s - a potion of mutation
 t - a potion of invisibility
 z - a potion of berserk rage
 A - 3 potions of haste


   Skills:
 + Level 9.1 Fighting
 + Level 6.2 Short Blades
 + Level 6.2 Long Blades
 + Level 7.8 Axes
 + Level 6.2 Maces & Flails
 + Level 6.2 Polearms
 + Level 6.2 Staves
 + Level 6.2 Slings
 + Level 6.2 Bows
 + Level 6.2 Crossbows
 + Level 6.2 Throwing
 + Level 7.8 Armour
 + Level 6.7 Dodging
 + Level 6.2 Stealth
 + Level 6.2 Shields
 + Level 6.2 Unarmed Combat
 + Level 6.2 Spellcasting
 + Level 5.1 Conjurations
 + Level 5.1 Hexes
 + Level 5.1 Summonings
 + Level 5.1 Necromancy
 + Level 5.1 Translocations
 + Level 5.1 Transmutations
 + Level 5.1 Fire Magic
 + Level 5.1 Ice Magic
 + Level 5.1 Air Magic
 + Level 5.1 Earth Magic
 + Level 5.1 Poison Magic
 + Level 8.3 Invocations
 + Level 6.2 Evocations


You had 22 spell levels left.
You didn't know any spells.
Your spell library contained the following spells:

 Spells                   Type           Power      Damage    Failure   Level
 Animate Skeleton         Necr           28%        N/A       43%         1
 Apportation              Tloc           28%        N/A       43%         1
 Corona                   Hex            15%        N/A       43%         1
 Freeze                   Ice            56%        1d7       43%         1
 Summon Small Mammal      Summ           56%        N/A       43%         1
 Passwall                 Tmut/Erth      11%        N/A       56%         2
 Dazzling Flash           Conj/Hex       28%        N/A       80%         3
 Frozen Ramparts          Ice            28%        1d4       80%         3
 Gell's Gravitas          Tloc           7%         N/A       80%         3
 Ignite Poison            Fire/Tmut/Pois 14%        N/A       80%         3
 Lesser Beckoning         Tloc           7%         N/A       80%         3
 Mephitic Cloud           Conj/Pois/Air  14%        N/A       80%         3
 Ozocubu's Armour         Ice            14%        N/A       80%         3
 Swiftness                Air            14%        N/A       80%         3
 Teleport Other           Tloc           14%        N/A       80%         3
 Hailstorm                Conj/Ice       14%        3d5       99%         4
 Iskenderun's Mystic Bla  Conj/Tloc      14%        2d5       99%         4
 Bolt of Magma            Conj/Fire/Erth 7%         4d6       100%        5
 Metabolic Englaciation   Hex/Ice        7%         N/A       100%        5
 Invisibility             Hex            7%         N/A       100%        6
 Simulacrum               Ice/Necr       7%         N/A       100%        6
 Starburst                Conj/Fire      7%         8x6d4     100%        6


Dungeon Overview and Level Annotations

Branches:
Dungeon (9/15)             Temple (0/1) D:7           Sewer (visited)
   Lair: D:8-11         Orc: D:9-12

Altars:
Dithmenos
Elyvilon
Hepliaklqana
Nemelex Xobeh
Vehumet
Wu Jian
Beogh

Shops:
D:4 [


Innate Abilities, Weirdness & Mutations

You have very sharp teeth.
Your uncanny sense of smell can sniff out nearby items.
Your experience applies equally to all skills.
You have large cloven feet.
Your body sometimes deteriorates upon taking damage.
You are highly strong-willed. (Will++)


Message History

Lugonu accepts your kill.
The gnoll sergeant hits you from afar with a +0 trident!
* * * LOW HITPOINT WARNING * * *
You closely miss the kobold brigand.
The kobold brigand hits you but does no damage.
The gnoll sergeant closely misses you.
You slash the kobold brigand! You freeze the kobold brigand.
The kobold brigand is heavily wounded.
The kobold brigand closely misses you.
The gnoll sergeant hits you from afar with a +0 trident.
* * * LOW HITPOINT WARNING * * *
You closely miss the kobold brigand.
The kobold brigand is heavily wounded.
The kobold brigand closely misses you.
The gnoll sergeant hits you but does no damage.
Unknown command.
You hit the kobold brigand. You freeze the kobold brigand.
The kobold brigand is heavily wounded.
The kobold brigand hits you but does no damage.
The gnoll sergeant hits you but does no damage.
You barely miss the kobold brigand.
The kobold brigand is heavily wounded.
The kobold brigand hits you but does no damage.
The gnoll sergeant hits you from afar with a +0 trident.
* * * LOW HITPOINT WARNING * * *
Unknown command.
The kobold brigand throws a curare-tipped dart.
The curare-tipped dart closely misses you.
The kobold brigand throws a curare-tipped dart.
The curare-tipped dart closely misses you.
The kobold brigand throws a curare-tipped dart.
The curare-tipped dart barely misses you.
Found a stone staircase leading down.
The kobold brigand throws a curare-tipped dart.
The curare-tipped dart hits you.
You are poisoned.
You have difficulty breathing.
* * * LOW HITPOINT WARNING * * *
You feel yourself slow down.
You die...

##.........# #.K...#
...........# ##g##..#
...........###..###.###
...#.......#K## #.K.###
#.#.....#...# ###gK.#
#####....(#.....#
###.#####
..........####..###
#.g))g# .
######.######....#
#####Kg . #.)###[@..#.#
.K # ###.............
.. ##
#####....>.....###.# ..
.####..รท))###....#.#
.# g.
......######>..#.#.# .
g. .####### #...##.#.#
.. .##..... ...####....
....# ##. ### . ...##


You could see a kobold brigand and a gnoll sergeant.

Vanquished Creatures
  A boulder beetle (D:7)
  2 two-headed ogres
  Joseph (D:7)
  A hornet (D:4)
  A troll (D:8)
  Grinder (D:5)
  10 yaks
  A wyvern (D:9)
  A black bear (D:6)
  9 orc warriors
  A necrophage (D:6)
  2 ogres (D:5)
  3 centaurs
  A phantom (D:6)
  2 kobold brigands
  A bullfrog (D:6)
  5 scorpions
  A water moccasin zombie (D:6)
  A wyvern skeleton (D:7)
  A water moccasin skeleton (D:6)
  5 killer bees (D:8)
  6 wights
  5 centaur zombies
  3 orc priests
  5 hounds
  4 jellies
  A bullfrog skeleton (D:5)
  A gnoll shaman (D:9)
  4 iguanas
  Jessica (D:2)
  6 orc wizards
  A scorpion zombie (D:5)
  2 killer bee zombies
  6 gnolls
  12 adders
  6 river rats
  A shadow imp (D:5)
  3 white imps
  An adder zombie (D:5)
  7 worms
  A dart slug (D:1)
  42 orcs
  5 bats
  6 endoplasms
  5 giant cockroaches
  8 goblins
  4 hobgoblins
  5 jackals
  20 kobolds
  4 quokkas
  3 ball pythons (D:1)
  A frilled lizard (D:1)
  11 rats
241 creatures vanquished.

Vanquished Creatures (others)
  A hobgoblin (D:1)
  A bat (D:1)
  2 starspawn tentacles (Abyss:2)
4 creatures vanquished.

Grand Total: 245 creatures vanquished

Notes
Turn   | Place    | Note
-------+----------+-------------------------------------------
     0 | Abyss:1  | Gargoyl the Gnoll Abyssal Knight began the quest for the
                  | Orb.
     0 | Abyss:1  | Reached XP level 1. HP: 23/23 MP: 3/3
    46 | Abyss:2  | Noticed an orange demon
    89 | Abyss:2  | Noticed an ancient zyme
    91 | Abyss:2  | Noticed a tentacled starspawn
   101 | Abyss:2  | Noticed a large abomination
   102 | D:1      | Escaped the Abyss
   258 | D:1      | Reached XP level 2. HP: 29/29 MP: 5/5
   399 | D:1      | Reached * piety under Lugonu
   629 | D:1      | Reached XP level 3. HP: 29/35 MP: 6/6
  1344 | D:2      | Reached skill level 1 in Short Blades
  1344 | D:2      | Reached skill level 1 in Long Blades
  1344 | D:2      | Reached skill level 1 in Maces & Flails
  1344 | D:2      | Reached skill level 1 in Polearms
  1344 | D:2      | Reached skill level 1 in Staves
  1344 | D:2      | Reached skill level 1 in Slings
  1344 | D:2      | Reached skill level 1 in Bows
  1344 | D:2      | Reached skill level 1 in Crossbows
  1344 | D:2      | Reached skill level 1 in Throwing
  1344 | D:2      | Reached skill level 1 in Stealth
  1344 | D:2      | Reached skill level 1 in Shields
  1344 | D:2      | Reached skill level 1 in Unarmed Combat
  1344 | D:2      | Reached skill level 1 in Spellcasting
  1344 | D:2      | Reached skill level 1 in Evocations
  1378 | D:2      | Reached XP level 4. HP: 32/41 MP: 7/7
  1480 | D:2      | Noticed Jessica
  1494 | D:2      | Killed Jessica
  1658 | D:2      | Reached skill level 1 in Conjurations
  1658 | D:2      | Reached skill level 1 in Hexes
  1658 | D:2      | Reached skill level 1 in Summonings
  1658 | D:2      | Reached skill level 1 in Necromancy
  1658 | D:2      | Reached skill level 1 in Translocations
  1658 | D:2      | Reached skill level 1 in Transmutations
  1658 | D:2      | Reached skill level 1 in Fire Magic
  1658 | D:2      | Reached skill level 1 in Ice Magic
  1658 | D:2      | Reached skill level 1 in Air Magic
  1658 | D:2      | Reached skill level 1 in Earth Magic
  1658 | D:2      | Reached skill level 1 in Poison Magic
  1676 | D:2      | Reached ** piety under Lugonu
  1850 | D:2      | Reached XP level 5. HP: 36/47 MP: 8/8
  2520 | D:3      | Reached skill level 5 in Invocations
  2524 | D:3      | Reached XP level 6. HP: 39/53 MP: 9/9
  2757 | D:3      | Found a faded altar of an unknown god.
  2881 | D:3      | Reached skill level 5 in Axes
  2881 | D:3      | Reached skill level 5 in Armour
  3381 | D:4      | Found Kypein's Antique Armour Shoppe.
  3381 | D:4      | Noticed a hornet
  3387 | D:4      | Killed a hornet
  3388 | D:4      | Reached skill level 7 in Fighting
  3388 | D:4      | Reached XP level 7. HP: 54/60 MP: 10/10
  4156 | D:5      | Entered Level 5 of the Dungeon
  4174 | D:5      | Identified the +1 ring mail "Arawuure" {rElec rCorr Str-5
                  | Slay-2}
  4342 | D:5      | Found a sparkling altar of Nemelex Xobeh.
  4342 | D:5      | Found a white marble altar of Elyvilon.
  4343 | D:5      | Found an ornate altar of the Wu Jian Council.
  4513 | D:5      | Reached *** piety under Lugonu
  4519 | D:5      | Reached XP level 8. HP: 65/67 MP: 12/12
  4568 | D:5      | Found a glowing drain.
  4572 | Sewer    | Entered a sewer
  4746 | Sewer    | Found a white marble altar of Elyvilon.
  5055 | D:5      | Reached **** piety under Lugonu
  5172 | D:5      | Noticed a two-headed ogre
  5221 | D:5      | Killed a two-headed ogre
  5222 | D:5      | Reached XP level 9. HP: 22/73 MP: 12/14
  5627 | D:5      | You fall into a shaft and drop 1 floor!
  6459 | D:6      | Reached skill level 5 in Dodging
  6966 | D:6      | Identified a scroll of acquirement
  6966 | D:6      | Acquired 793 gold pieces
  7198 | D:6      | Reached skill level 8 in Fighting
  7574 | D:6      | Found a hazy altar of Hepliaklqana.
  7576 | D:6      | Noticed Grinder
  7698 | D:5      | Killed Grinder
  7899 | D:7      | Gained mutation: You are strong-willed. (Will+) [potion of
                  | mutation]
  7899 | D:7      | Gained mutation: You have large cloven feet. [potion of
                  | mutation]
  7899 | D:7      | Gained mutation: Your body sometimes deteriorates upon
                  | taking damage. [potion of mutation]
  7899 | D:7      | Gained mutation: You are highly strong-willed. (Will++)
                  | [potion of mutation]
  7908 | D:7      | Noticed Joseph
  7929 | D:7      | Killed Joseph
  7930 | D:7      | Reached XP level 10. HP: 44/80 MP: 17/17
  8392 | D:7      | Reached skill level 5 in Short Blades
  8392 | D:7      | Reached skill level 5 in Long Blades
  8392 | D:7      | Reached skill level 5 in Maces & Flails
  8392 | D:7      | Reached skill level 5 in Polearms
  8392 | D:7      | Reached skill level 5 in Staves
  8392 | D:7      | Reached skill level 5 in Slings
  8392 | D:7      | Reached skill level 5 in Bows
  8392 | D:7      | Reached skill level 5 in Crossbows
  8392 | D:7      | Reached skill level 5 in Throwing
  8392 | D:7      | Reached skill level 5 in Stealth
  8392 | D:7      | Reached skill level 5 in Shields
  8392 | D:7      | Reached skill level 5 in Unarmed Combat
  8392 | D:7      | Reached skill level 5 in Spellcasting
  8392 | D:7      | Reached skill level 5 in Evocations
  8782 | D:7      | Found a radiant altar of Vehumet.
  8956 | D:7      | Noticed a boulder beetle
  8967 | D:7      | Killed a boulder beetle
  9122 | D:7      | Identified the +1 robe of Courage {Str+5 Dex+4}
  9149 | D:7      | Found a staircase to the Ecumenical Temple.
  9701 | D:8      | Noticed a two-headed ogre
  9714 | D:8      | Killed a two-headed ogre
 12002 | D:8      | Reached XP level 11. HP: 23/87 MP: 19/19
 12306 | D:8      | Found a shadowy altar of Dithmenos.
 12398 | D:8      | Identified the +1 leather armour of Qaifykhle {rPois Will++
                  | Regen+ Dex-2}
 12791 | D:8      | Reached skill level 9 in Fighting
 12974 | D:9      | Reached skill level 5 in Conjurations
 12974 | D:9      | Reached skill level 5 in Hexes
 12974 | D:9      | Reached skill level 5 in Summonings
 12974 | D:9      | Reached skill level 5 in Necromancy
 12974 | D:9      | Reached skill level 5 in Translocations
 12974 | D:9      | Reached skill level 5 in Transmutations
 12974 | D:9      | Reached skill level 5 in Fire Magic
 12974 | D:9      | Reached skill level 5 in Ice Magic
 12974 | D:9      | Reached skill level 5 in Air Magic
 12974 | D:9      | Reached skill level 5 in Earth Magic
 12974 | D:9      | Reached skill level 5 in Poison Magic
 13850 | D:9      | Succumbed to a kobold brigand's curare-tipped dart

Illustrated notes

Levels and vault maps discovered:
D:1:      shiori_arrival_maze, layout_basic, lemuel_flame_loot_1
D:2:      layout_rooms, uniq_jessica
D:3:      layout_basic, shapermc_ecumenical_altar_acropolis,
          supply_closet_lemuel
D:4:      layout_basic, nicolae_ossuary_entry_ruins, serial_shops,
          kennysheep_little_box, corexii_item_surrounded_by_moat
D:5:      layout_basic, nicolae_overflow_quartered_altars,
          lightli_sewer_entry_pipes
D:6:      layout_gridville, grunt_ministairs_1, minmay_ruined_shrine,
          uniq_grinder
D:7:      layout_loops_ring, overflow_temple_1_default,
          lemuel_temple_firewalk_b, uniq_joseph
D:8:      layout_cave_pools, grunt_dithmenos_smoke_and_mirrors, special_room
          [special_room_orc], serial_park, serial_park_fountain,
          serial_park_gazebo [serial_park_minivault_5x5_8], serial_park_square1
          [serial_park_minivault_5x5_1], serial_park_tiny_1,
          nicolae_zen_rock_garden, grunt_ministairs_1, minmay_statues_item
D:9:      layout_rooms, minmay_orc_entry_temple_small, st_stairs_12

Skill      XL: |  1  2  3  4  5  6  7  8  9 10 11 |
---------------+----------------------------------+-----
Short Blades   | 1 2 3 4 5 6 |  6.2
Long Blades    | 1 2 3 4 5 6 |  6.2
Maces & Flails | 1 2 3 4 5 6 |  6.2
Polearms       | 1 2 3 4 5 6 |  6.2
Staves         | 1 2 3 4 5 6 |  6.2
Slings         | 1 2 3 4 5 6 |  6.2
Bows           | 1 2 3 4 5 6 |  6.2
Crossbows      | 1 2 3 4 5 6 |  6.2
Throwing       | 1 2 3 4 5 6 |  6.2
Stealth        | 1 2 3 4 5 6 |  6.2
Shields        | 1 2 3 4 5 6 |  6.2
Unarmed Combat | 1 2 3 4 5 6 |  6.2
Spellcasting   | 1 2 3 4 5 6 |  6.2
Evocations     | 1 2 3 4 5 6 |  6.2
Conjurations   | 1 2 3 4 5 |  5.1
Hexes          | 1 2 3 4 5 |  5.1
Summonings     | 1 2 3 4 5 |  5.1
Necromancy     | 1 2 3 4 5 |  5.1
Translocations | 1 2 3 4 5 |  5.1
Transmutations | 1 2 3 4 5 |  5.1
Fire Magic     | 1 2 3 4 5 |  5.1
Ice Magic      | 1 2 3 4 5 |  5.1
Air Magic      | 1 2 3 4 5 |  5.1
Earth Magic    | 1 2 3 4 5 |  5.1
Poison Magic   | 1 2 3 4 5 |  5.1
Dodging        | 3 4 5 6 |  6.7
Invocations    | 5 6 7 8 |  8.3
Axes           | 5 6 7 |  7.8
Armour         | 5 6 7 |  7.8
Fighting       | 7 8 9 |  9.1

Action                   |  1- 3 |  4- 6 |  7- 9 | 10-12 || total
-------------------------+-------+-------+-------+-------++-------
Melee: Hand axe          |    91 |    76 |   344 |   344 ||   855
       Bite              |     9 |     7 |    36 |    32 ||    84
       Trident           |       |    37 |       |       ||    37
       Punch             |       |     1 |     4 |    11 ||    16
       Long sword        |       |       |     8 |    40 ||    48
Throw: Dart              |       |       |    12 |     9 ||    21
Invok: Depart the Abyss  |     1 |       |       |       ||     1
       Banish            |       |       |     1 |     2 ||     3
  Use: Scroll            |     2 |     1 |    11 |     3 ||    17
       Potion            |       |     1 |     4 |       ||     5
 Stab: Sleeping          |     1 |       |       |       ||     1
Armor: Leather armour    |    33 |    17 |       |       ||    50
       Chain mail        |       |    79 |   258 |   308 ||   645
       Skin              |       |       |     8 |       ||     8
Dodge: Dodged            |    89 |    58 |   162 |   185 ||   494
       Rpst.: Long sword |       |       |     1 |     3 ||     4

Table legend: (Time is in decaauts)
 A = Elapsed time spent in this place.
 B = Non-inter-level travel time spent in this place.
 C = Inter-level travel time spent in this place.
 D = Time resting spent in this place.
 E = Time spent auto-exploring this place.
 F = Levels seen in this place.
 G = Mean time per level.
                   A        B        C        D        E       F      G
               +--------+--------+--------+--------+--------+-----+--------+
         Total |  13934 |  13760 |    174 |   3735 |   7818 |  12 | 1161.2 |
       Dungeon |  13589 |  13415 |    174 |   3735 |   7559 |   9 | 1509.9 |
         Abyss |    101 |    101 |      0 |      0 |     76 |   2 |   50.5 |
         Sewer |    242 |    242 |      0 |      0 |    183 |   1 |  242.0 |
               +--------+--------+--------+--------+--------+-----+--------+

Top non-repeatable levels by time:
     D:7: 3012 daAuts
     D:8: 2001 daAuts
     D:5: 1848 daAuts
     D:6: 1714 daAuts
     D:3: 1135 daAuts
     D:1: 1122 daAuts
     D:4: 1103 daAuts
     D:9: 931 daAuts
     D:2: 719 daAuts
   Sewer: 242 daAuts
 Abyss:2: 92 daAuts
 Abyss:1: 9 daAuts
